 Dungeon Crawl Stone Soup version 0.24.0-41-g2ae2f7f1be (webtiles) character file.

Game seed: 14176692455371204253, levelgen mode: deterministic

82 ReteAZ the Cudgeler (level 4, 0/28 HPs)
             Began as a Gargoyle Fighter on Dec 11, 2019.
             Killed from afar by Sigmund (3 damage)
             ... with a puff of flame
             ... on level 3 of the Dungeon.
             The game lasted 00:02:22 (1529 turns).

ReteAZ the Cudgeler (Gargoyle Fighter)              Turns: 1529, Time: 00:02:23

Health: 0/28       AC: 16    Str: 20    XL:     4   Next: 43%
Magic:  4/4        EV:  3    Int:  9    God:
Gold:   80         SH:  9    Dex:  9    Spells: 3/3 levels left

rFire    . . .     SeeInvis .   a - +0 flail
rCold    . . .     Gourm    .   c - +0 shield
rNeg     + . .     Faith    .   s - +0 plate armour
rPois    ∞         Spirit   .   t - +0 helmet
rElec    +         Reflect  .   (no cloak)
rCorr    .         Harm     .   (no gloves)
MR       +....                  (no boots)
Stlth    ..........             (no amulet)
HPRegen  0.09/turn              i - ring of protection from magic
MPRegen  0.09/turn              q - ring of poison resistance

@: no status effects
A: negative energy resistance 1, electricity resistance, unbreathing,
petrification resistance, rot immunity, AC +3
a: no special abilities


You were on level 3 of the Dungeon.
You were not hungry.

You visited 1 branch of the dungeon, and saw 3 of its levels.

You collected 80 gold pieces.

Inventory:

Hand Weapons
 a - a +0 flail (weapon)
Armour
 b - a +0 scale mail
 c - a +0 shield (worn)
 s - a +0 plate armour (worn)
 t - a +0 helmet (worn)
Jewellery
 i - a ring of protection from magic (left hand)
 q - a ring of poison resistance (right hand)
 r - an uncursed ring of stealth {unknown}
Scrolls
 e - a scroll of enchant weapon {unknown}
 g - 2 scrolls of teleportation {unknown}
 h - a scroll of random uselessness {unknown}
 j - 3 scrolls of identify {unknown}
 m - 2 scrolls of remove curse {unknown}
 u - a scroll of enchant armour {unknown}
Potions
 d - 4 potions of might
 k - 2 potions of magic {unknown}
 l - 3 potions of curing {unknown}
 o - a potion of flight {unknown}
 p - a potion of heal wounds {unknown}
 v - a potion of haste {unknown}
Comestibles
 f - 4 rations
 n - a chunk of flesh


   Skills:
 - Level 3.2 Fighting
 + Level 4.5 Maces & Flails
 - Level 3.2 Armour
 - Level 3.2 Shields


You had 3 spell levels left.
You didn't know any spells.
Your spell library was empty.

Dungeon Overview and Level Annotations

Branches:
Dungeon (3/15)

Altars:
Makhleb

Annotations:
D:3 Sigmund


Innate Abilities, Weirdness & Mutations

You are resistant to torment.
Your stone body is resilient. (AC +3)
You are immune to poison.
You resist negative energy. (rN+)
You are resistant to electric shocks. (rElec)
You can survive without breathing.
You are immune to petrification.
You are immune to rotting.


Message History

Your plate armour prevents you from hitting something.
Something hits you but does no damage.
Your shield and plate armour prevent you from hitting something.
You closely miss something. Something hits you but does no damage.
Your shield and plate armour prevent you from hitting something.
Something hits you but does no damage.
You closely miss something. Something hits you but does no damage.
You barely miss something. Something hits you.
* * * LOW HITPOINT WARNING * * *
You closely miss something. Something hits you but does no damage.
You hit something. Something hits you but does no damage.
Your shield and plate armour prevent you from hitting something.
You closely miss something. Something hits you but does no damage.
You closely miss something. Something completely misses you.
You miss something. Something hits you but does no damage.
You closely miss something.
You hear some strange, mumbled words.
A puff of flame appears from out of thin air!
The puff of flame hits you.
You die...

.........# #.....#
.........# #.....#
.........# #.#'#.#
........####.#.#.#
+##........#.#.#.#
#.....(..#.#.#.#
.....>.#.#.#.#
.......#.#.#.#####
.......#..@......#
.......###{#.###.#
...............#
...........#[#.#
.......##..#.#.#
....... #..# # .
##..... #..# #
+..... #..# #.....
#..#


There were no monsters in sight!

Vanquished Creatures
  Jessica (D:3)
  2 adders
  A worm (D:2)
  A leopard gecko (D:2)
  3 bats (D:2)
  3 giant cockroaches
  8 hobgoblins
  6 kobolds
  4 frilled lizards
  3 goblins
  3 rats (D:2)
35 creatures vanquished.

Notes
Turn   | Place    | Note
-------+----------+-------------------------------------------
     0 | D:1      | ReteAZ the Gargoyle Fighter began the quest for the Orb.
     0 | D:1      | Reached XP level 1. HP: 14/14 MP: 1/1
   205 | D:1      | Reached XP level 2. HP: 19/19 MP: 2/2
   497 | D:1      | Reached skill level 3 in Maces & Flails
   955 | D:2      | Found a burning altar of Makhleb.
   961 | D:2      | Reached XP level 3. HP: 21/23 MP: 3/3
  1420 | D:3      | Reached skill level 4 in Maces & Flails
  1433 | D:3      | Noticed Jessica
  1449 | D:3      | Killed Jessica
  1449 | D:3      | Reached XP level 4. HP: 28/28 MP: 4/4
  1485 | D:3      | Noticed Sigmund
  1529 | D:3      | Killed from afar by Sigmund

Levels and vault maps discovered:
D:1:      dpeg_arrival_solitude, layout_basic
D:2:      cheibrodos_old_hovel, layout_rooms, old_standard_altar
D:3:      layout_basic, uniq_sigmund, uniq_jessica

Skill      XL: |  1  2  3 |
---------------+----------+-----
Maces & Flails | 3 4 |  4.5
Fighting       | |  3.2
Armour         | |  3.2
Shields        | |  3.2

Action                   |  1- 3 |  4- 6 || total
-------------------------+-------+-------++-------
Melee: Flail             |   154 |    36 ||   190
  Eat: Chunk             |     2 |       ||     2
Armor: Scale mail        |    71 |       ||    71
       Plate armour      |    24 |    14 ||    38
Dodge: Dodged            |    47 |     5 ||    52
Block: Shield            |    87 |     2 ||    89
